 Dungeon Crawl Stone Soup version 0.26.1-11-gd32895ea62 (webtiles) character file.

Game seed: 4297625279067488325

8997 ubername the Frost Mage (level 11, -2/75 HPs)
             Began as a Barachi Ice Elementalist on June 24, 2021.
             Was a Believer of Vehumet.
             Slain by an unseen horror (7 damage)
             ... on level 11 of the Dungeon.
             The game lasted 00:42:39 (15181 turns).

ubername the Frost Mage (Barachi Ice Elementalist) Turns: 15181, Time: 00:42:39

Health: -2/75      AC: 11    Str: 14    XL:     11   Next: 39%
Magic:  29/33      EV: 14    Int: 21    God:    Vehumet [**....]
Gold:   619        SH:  0    Dex: 14    Spells: 13/28 levels left

rFire    + . .     SeeInvis .   i - +6 scimitar of the Hills {vamp, *Contam +Rage rF+}
rCold    . . .     Faith    .   (no shield)
rNeg     . . .     Spirit   .   K - +3 steam dragon scales
rPois    .         Reflect  .   r - +0 helmet
rElec    .         Harm     .   j - +0 cloak
rCorr    .         Rampage  .   (no gloves)
Will     .....                  g - +0 pair of boots
Stlth    +++.......             (no amulet)
HPRegen  0.22/turn              s - ring of wizardry
MPRegen  0.23/turn              N - ring "Xanyt" {MP+9 Str+5 Int+3 Stlth+}

@: slow
A: +LOS, swims, hooves 1, blink, slowness 1, strong legs 1
a: Hop, Blink, Renounce Religion, Evoke Berserk Rage


You were on level 11 of the Dungeon.
You worshipped Vehumet.
Vehumet was pleased with you.
You visited 2 branches of the dungeon, and saw 12 of its levels.

You collected 619 gold pieces.

Inventory:

Hand Weapons
 b - a +3 dagger of speed
 c - a +4 falchion
 i - the +6 scimitar of the Hills (weapon) {vamp, *Contam +Rage rF+}
   (You took it off a deep elf mage on level 10 of the Dungeon)

   It inflicts no extra harm, but heals its wielder when it wounds a living foe.
   It protects you from fire.
   It lets you go berserk.
   It causes magical contamination when unequipped.
 w - a +0 hunting sling
 x - a +1 dagger of flaming
 z - a +2 short sword of holy wrath
Missiles
 e - 76 poisoned darts
 h - 103 sling bullets
 n - 20 boomerangs
 o - 8 silver boomerangs
 q - 263 stones
 t - 3 atropa-tipped darts
 L - 2 curare-tipped darts (quivered)
Armour
 g - a +0 pair of boots (worn)
 j - a +0 cloak (worn)
 r - a +0 helmet (worn)
 K - +3 steam dragon scales (worn)
Magical Staves
 E - an uncursed staff of fire
 P - an uncursed staff of death
Jewellery
 a - an uncursed ring of protection from fire {unknown}
 l - an uncursed ring of willpower
 s - a ring of wizardry (left hand)
 A - a +6 ring of intelligence
 N - the ring "Xanyt" (right hand) {MP+9 Str+5 Int+3 Stlth+}
   (You found it on level 10 of the Dungeon)

   [ring of magical power]

   It affects your strength (+5).
   It affects your intelligence (+3).
   It affects your magic capacity (+9).
   It makes you more stealthy.
Wands
 d - a wand of polymorph (7)
 k - a wand of paralysis (3)
 y - a wand of random effects (21)
 F - a wand of enslavement (5)
 G - a wand of acid (7)
Scrolls
 m - a scroll of identify
 p - 2 scrolls of blinking
 u - 3 scrolls of amnesia
 v - 4 scrolls of remove curse
 I - 2 scrolls of magic mapping
Potions
 f - a potion of ambrosia
 C - 3 potions of curing
 D - 2 potions of resistance
 H - a potion of heal wounds
 J - a potion of cancellation
 R - a potion of magic {unknown}
 S - a potion of invisibility {unknown}


   Skills:
 + Level 3.2 Fighting
 - Level 4.2(4.5) Short Blades
 * Level 2.5(3.9) Long Blades
 * Level 7.4 Throwing
 + Level 4.1 Dodging
 + Level 3.4 Stealth
 + Level 9.4 Spellcasting
 * Level 4.3 Conjurations
 * Level 4.6 Fire Magic
 + Level 11.5 Ice Magic


You had 13 spell levels left.
You knew the following spells:

 Your Spells              Type           Power        Failure   Level
a - Freeze                Ice            100%         1%          1
b - Frozen Ramparts       Ice            100%         1%          3
c - Ozocubu's Armour      Ice            55%          1%          3
d - Hailstorm             Conj/Ice       43%          1%          4
e - Foxfire               Conj/Fire      100%         1%          1
f - Tukima's Dance        Hex            9%           9%          3

Your spell library contained the following spells:

 Spells                   Type           Power        Failure   Level
 Magic Dart               Conj           100%         1%          1
 Conjure Flame            Conj/Fire      29%          1%          3
 Animate Skeleton         Necr           18%          2%          1
 Apportation              Tloc           18%          2%          1
 Corona                   Hex            10%          2%          1
 Summon Small Mammal      Summ           36%          2%          1
 Summon Ice Beast         Ice/Summ       34%          2%          4
 Static Discharge         Conj/Air       19%          3%          3
 Blink                    Tloc           N/A          4%          2
 Call Imp                 Summ           9%           4%          2
 Slow                     Hex            9%           4%          2
 Mephitic Cloud           Conj/Pois/Air  16%          4%          3
 Lesser Beckoning         Tloc           4%           9%          3
 Lightning Bolt           Conj/Air       9%           30%         5
 Alistair's Intoxication  Tmut/Pois      6%           56%         5
 Invisibility             Hex            9%           98%         6
 Ignition                 Fire           14%          100%        8
 Shatter                  Erth           4%           100%        9
 Tornado                  Air            4%           100%        9


Dungeon Overview and Level Annotations

Branches:
Dungeon (11/15)            Temple (1/1) D:5            Lair (0/6) D:10
    Orc: D:9-12

Altars:
Ashenzari
Cheibriados
Dithmenos
Elyvilon
Fedhas
Gozag
Hepliaklqana
Kikubaaqudgha
Makhleb
Nemelex Xobeh
Okawaru
Qazlal
Ru
Sif Muna
Trog
Uskayaw
Vehumet
Wu Jian
Xom
Yredelemnul
Zin
The Shining One

Shops:
D:7 (


Innate Abilities, Weirdness & Mutations

You can be seen from farther away. (+LOS)
You can swim through water.
You cover ground slowly.
You can hop short distances.
You have large cloven feet.
You can translocate small distances at will.


Message History

Something hits you but does no damage.
The wall freezes something but does no damage.
Something hits you!
The wall freezes something.
Something hits you but does no damage.
The wall freezes something.
Something hits you but does no damage.
The wall freezes something.
Something hits you but does no damage.
The wall freezes something.
Something hits you but does no damage.
The wall freezes something.
Something hits you but does no damage.
The wall freezes something.
Something hits you but does no damage.
The wall freezes something.
Something hits you!
* * * LOW HITPOINT WARNING * * *
Blink to where?
Press: ? - help, Dir - move target Your icy armour cracks and falls away as you move.
The frozen ramparts melt away as you move.
As you read the scroll of blinking, it crumbles to dust.
Something hits you!
* * * LOW HITPOINT WARNING * * *
Something hits you!
You die...

#...........# #...........# .#
#...........# ..# #...........#
..# #...........### ...#
#.............### .^..
#..[............### .....
#...).............##.....
#......<@...............#
#.........†.......§...#
#.#######.................#######
#.....................(..........
#................................
#################################


There were no monsters in sight!

Vanquished Creatures
  A two-headed ogre (D:10)
  An unseen horror (D:10)
  A deep elf mage (D:10)
  A manticore (D:10)
  Maurice (D:10)
  A troll (D:10)
  A hornet (D:10)
  Sigmund (D:4)
  7 yaks
  A steam dragon (D:9)
  Menkaure (D:4)
  A water moccasin (D:8)
  Purgy (D:4)
  2 ice beasts (D:10)
  3 orc warriors
  3 sky beasts (D:10)
  A black bear (D:5)
  5 ogres
  A necrophage (D:10)
  A wolf (D:10)
  2 phantoms
  2 centaurs
  A big kobold (D:10)
  4 bullfrogs
  A scorpion (D:10)
  4 killer bees (D:9)
  5 wights (D:8)
  3 electric eels (D:8)
  2 howler monkeys
  2 centaur zombies
  2 bullfrog zombies
  4 jellies
  2 hounds
  6 orc priests
  10 orc wizards
  A centaur skeleton (D:5)
  A bullfrog skeleton (D:8)
  2 iguanas (D:6)
  10 worker ants
  A hound zombie (D:6)
  3 worker ant zombies
  11 adders
  5 shadow imps
  5 white imps
  4 ufetubi
  An ooze (D:1)
  2 adder skeletons
  A worm (D:3)
  2 dart slugs
  6 leopard geckos
  34 orcs
  A ball python (D:6)
  3 giant cockroaches
  7 goblins
  7 hobgoblins
  8 jackals
  6 kobolds
  3 quokkas
  5 bats
  7 frilled lizards
  A jackal skeleton (D:2)
  12 rats
234 creatures vanquished.

Vanquished Creatures (collateral kills)
  A troll (D:10)
  A centaur (D:10)
2 creatures vanquished.

Vanquished Creatures (others)
  39 foxfires
  20 plants
59 creatures vanquished.

Grand Total: 295 creatures vanquished

Notes
Turn   | Place    | Note
-------+----------+-------------------------------------------
     0 | D:1      | ubername the Barachi Ice Elementalist began the quest for
                  | the Orb.
     0 | D:1      | Reached XP level 1. HP: 13/13 MP: 3/3
    49 | D:1      | Reached skill level 5 in Ice Magic
   198 | D:1      | Reached XP level 2. HP: 19/19 MP: 5/5
   385 | D:1      | Gained mutation: You can translocate small distances at
                  | will. [potion of mutation]
   385 | D:1      | Gained mutation: You have large cloven feet. [potion of
                  | mutation]
   623 | D:1      | Reached XP level 3. HP: 24/24 MP: 6/6
   973 | D:1      | Learned a level 3 spell: Frozen Ramparts
  1254 | D:2      | Reached XP level 4. HP: 30/30 MP: 3/7
  1296 | D:2      | Learned a level 3 spell: Ozocubu's Armour
  1311 | D:2      | Reached skill level 1 in Short Blades
  1468 | D:2      | Reached skill level 6 in Ice Magic
  1625 | D:2      | Found a white marble altar of Elyvilon.
  1626 | D:2      | Found a transporter.
  1626 | D:2      | Found an iron altar of Okawaru.
  1627 | D:2      | Noticed an orc warrior
  1629 | D:2      | Found a sacrificial altar of Ru.
  1634 | D:2      | Found a transporter.
  1742 | D:2      | Found a glowing golden altar of the Shining One.
  1877 | D:2      | Found an ornate altar of the Wu Jian Council.
  2372 | D:3      | Reached XP level 5. HP: 31/36 MP: 2/9
  2759 | D:4      | Noticed Sigmund
  3184 | D:4      | Found a snail-covered altar of Cheibriados.
  3287 | D:4      | Killed Sigmund
  3288 | D:4      | Reached skill level 1 in Throwing
  3288 | D:4      | Reached XP level 6. HP: 15/42 MP: 1/11
  3689 | D:4      | Noticed Menkaure
  3701 | D:4      | Killed Menkaure
  3702 | D:4      | Reached skill level 7 in Ice Magic
  3775 | D:4      | Noticed Purgy
  3793 | D:4      | Killed Purgy
  3794 | D:4      | Reached XP level 7. HP: 35/47 MP: 4/13
  4146 | D:4      | Found a sparkling altar of Nemelex Xobeh.
  4363 | D:5      | Entered Level 5 of the Dungeon
  4662 | D:5      | Reached skill level 1 in Fighting
  4732 | D:5      | Found a staircase to the Ecumenical Temple.
  4795 | D:5      | Reached skill level 5 in Spellcasting
  4795 | D:5      | Reached XP level 8. HP: 41/54 MP: 9/15
  4875 | D:5      | Learned a level 4 spell: Hailstorm
  4924 | Temple   | Entered the Ecumenical Temple
  5347 | D:5      | Found a blossoming altar of Fedhas.
  6237 | D:6      | Reached skill level 8 in Ice Magic
  7296 | D:6      | Reached skill level 9 in Ice Magic
  7536 | D:6      | Found a radiant altar of Vehumet.
  7546 | D:6      | Became a worshipper of Vehumet
  8425 | D:7      | Reached XP level 9. HP: 62/62 MP: 14/18
  8438 | D:7      | Found Nunoodets's Antique Weapon Boutique.
  9303 | D:8      | Reached skill level 5 in Throwing
  9353 | D:8      | Reached skill level 10 in Ice Magic
  9380 | D:8      | Got a twisted chain mail
  9381 | D:8      | Identified the +1 chain mail of Proximity {+Blink} (You
                  | found it on level 8 of the Dungeon)
  9654 | D:8      | Reached * piety under Vehumet
  9654 | D:8      | Offered knowledge of Foxfire by Vehumet.
 10634 | D:8      | Reached XP level 10. HP: 28/63 MP: 10/21
 11107 | D:9      | Learned a level 1 spell: Foxfire
 11548 | D:9      | Reached skill level 1 in Conjurations
 11762 | D:9      | Reached skill level 1 in Fire Magic
 12140 | D:9      | Found a basalt altar of Yredelemnul.
 12449 | D:10     | Entered Level 10 of the Dungeon
 12537 | D:10     | Learned a level 3 spell: Tukima's Dance
 12593 | D:10     | Found a staircase to the Lair.
 13180 | D:10     | Noticed a deep elf mage
 13182 | D:10     | Noticed a manticore
 13338 | D:10     | Noticed Maurice
 13345 | D:10     | Paralysed by Maurice for 5 turns
 13345 | D:10     | Noticed a two-headed ogre
 13361 | D:10     | Killed a two-headed ogre
 13362 | D:10     | Killed Maurice
 13363 | D:10     | Reached skill level 11 in Ice Magic
 13438 | D:10     | Killed a manticore
 13539 | D:10     | Identified the +6 scimitar of the Hills {vamp, *Contam
                  | +Rage rF+}
 13553 | D:10     | Killed a deep elf mage
 13554 | D:10     | Reached XP level 11. HP: 46/75 MP: 19/24
 13803 | D:10     | Offered knowledge of Magic Dart by Vehumet.
 13839 | D:10     | Reached ** piety under Vehumet
 13957 | D:10     | Killed an unseen horror
 13958 | D:10     | Reached skill level 1 in Long Blades
 13981 | D:10     | Got a vibrating granite ring
 14018 | D:10     | Got a transparent plate armour
 14793 | D:2      | Identified the ring "Xanyt" {MP+9 Str+5 Int+3 Stlth+} (You
                  | found it on level 10 of the Dungeon)
 14798 | D:2      | Identified the +10 plate armour of Nain {Will+ Regen+ rCorr
                  | SInv} (You found it on level 10 of the Dungeon)
 15181 | D:11     | Slain by an unseen horror

Illustrated notes

Levels and vault maps discovered:
D:1:      mainiacjoe_arrival_reflecting_pool, layout_loops_ring
D:2:      layout_rooms, pdpol_wu_jian_five_deadly_venoms,
          lemuel_coloured_pillars_altar, gammafunk_temple_overflow_arena
D:3:      layout_rooms, serial_park_tiny_1, minmay_misc_feat_four_crosses
D:4:      layout_loops_ring, nicolae_overflow_hidden_temple,
          general_overflow_altar, uniq_sigmund, uniq_purgy, uniq_menkaure
D:5:      layout_loops_ring, minmay_temple_entry_crystal_x, minivault_27,
          fedhas_altar_4
D:6:      layout_gridville, fiery_altar_vehumet
D:7:      layout_cave_pools, serial_shops, nicolae_shop_overgrown_old_shop
D:8:      layout_loops_cross, serial_bayou, serial_bayou_pond_a,
          serial_bayou_pond_d, serial_bayou_pond_e, serial_bayou_shore_b,
          serial_bayou_pond_c, serial_bayou_pond_a,
          eino_small_chamber_without_monster
D:9:      layout_irregular_city, marbit_many_paths
D:10:     layout_long_grid, lair_entry_dummy, minmay_the_grid_2x2
          [minmay_the_grid_spin_star, minmay_the_grid_gridbox,
          minmay_the_grid_tree, minmay_the_grid_prize_trominoes], uniq_maurice
D:11:     layout_long_grid, minmay_orc_entry_guard_dogs, serial_ice,
          serial_ice_j, serial_ice_o, serial_ice_m, serial_ice_h,
          portal_ice_cave_entry_ice_beasts, nicolae_two_hexagons, st_stairs_9,
          onia_ninara_dug_in_and_dangerous
Temple:   nicolae_temple_figure_eight

Skill      XL: |  1  2  3  4  5  6  7  8  9 10 11 |
---------------+----------------------------------+-----
Ice Magic      | 5 6 7 9 10 11 | 11.5
Stealth        | 2 3 |  3.4
Short Blades   | 1 2 3 4 |  4.2
Spellcasting   | 3 4 5 6 7 9 |  9.4
Throwing       | 1 2 3 6 7 |  7.4
Fighting       | 1 2 3 |  3.2
Dodging        | 3 4 |  4.1
Conjurations   | 3 4 |  4.3
Fire Magic     | 3 4 |  4.6
Long Blades    | 2 |  2.5

Action                   |  1- 3 |  4- 6 |  7- 9 | 10-12 || total
-------------------------+-------+-------+-------+-------++-------
Melee: Dagger            |    60 |    39 |   203 |    90 ||   392
       Unarmed           |     2 |       |       |       ||     2
       Kick              |     4 |     3 |       |       ||     7
       Scimitar          |       |       |       |    37 ||    37
Throw: Dart              |     1 |       |    72 |    24 ||    97
       Boomerang         |       |       |       |    14 ||    14
 Cast: Freeze            |    19 |       |     2 |     3 ||    24
       Frozen Ramparts   |     4 |    26 |    54 |    36 ||   120
       Ozocubu's Armour  |       |    10 |    35 |    24 ||    69
       Hailstorm         |       |       |    12 |     5 ||    17
       Foxfire           |       |       |       |    21 ||    21
 Abil: Blink             |       |       |     1 |       ||     1
Evoke: Wand              |       |       |     1 |       ||     1
  Use: Potion            |     5 |     2 |     5 |     3 ||    15
       Scroll            |       |     7 |     9 |    11 ||    27
 Stab: Sleeping          |       |       |     1 |       ||     1
Armor: Robe              |     9 |    14 |    60 |     6 ||    89
       Steam dragon scal |       |       |       |    96 ||    96
Dodge: Dodged            |    28 |    36 |   121 |   118 ||   303
       Rpst.: Scimitar   |       |       |       |     9 ||     9
